MLB
HOUSTON ASTROS @ TORONTO BLUE JAYS
09/22/2098
 
TOP OF THE 1ST
Houston Astros batting - Pitching for Toronto Blue Jays : LHP Brian Hawkins
Pitching: LHP Brian Hawkins
Batting: RHB Erik Ellsworth 0-0: Called Strike
0-1: Foul Ball, location: 23F
0-2: Foul Ball, location: 25F
0-2: Ball
1-2: SINGLE (Line Drive, 89S, EV 103.8 MPH)
Batting: RHB Jeff Cinnamon 0-0: Called Strike
0-1: Called Strike
Erik Ellsworth steals 2nd base
0-2: Foul Ball, location: 2F
0-2: Ball
1-2: Foul Ball, location: 2F
1-2: 2-RUN HOME RUN (Flyball, 9D, EV 96.9 MPH), Distance : 359 ft
Batting: RHB Kyle Stewart 0-0: Ball
1-0: Ball
2-0: Ball
3-0: Called Strike
3-1: Base on Balls
Batting: LHB Alex Perez 0-0: Called Strike
0-1: Ball
1-1: Swinging Strike
1-2: Foul Ball, location: 7LDF
1-2: Foul Ball, location: 3F
1-2: Foul Ball, location: 7LMF
1-2: Ball
2-2: Strikes out swinging
Batting: RHB Frank Kelsay 0-0: Called Strike
0-1: Fly out, F8 (Flyball, 8RS, EV 91.9 MPH)
Batting: LHB Roy Lazzaro 0-0: Ball
Pickoff Throw to First - Out! 1-3 CS
Top of the 1st over - 2 runs, 2 hits, 0 errors, 0 left on base; Houston 2 - Toronto 0
BOTTOM OF THE 1ST
Toronto Blue Jays batting - Pitching for Houston Astros : RHP Mark Gaither
Pitching: RHP Mark Gaither
Batting: LHB Collin Coleman 0-0: Foul Ball, location: 2F
0-1: Ball
1-1: Swinging Strike
1-2: Ball
2-2: Ground out U3 (Groundball, 3L, EV 79.4 MPH)
Batting: RHB Greg Whitaker 0-0: DOUBLE (Line Drive, 7LS, EV 100.6 MPH)
Batting: LHB John Slaff 0-0: Foul Ball, location: 5F
0-1: SINGLE (Groundball, 34D, EV 98.8 MPH)
Greg Whitaker to third
Runner from 3rd tries for Home, throw by RF and OUT! 9-2
John Slaff to second
Batting: SHB Dennis Desper 0-0: Swinging Strike
0-1: Ball
1-1: Foul Ball, location: 23F
1-2: Ball
2-2: Ball
3-2: Strikes out looking
Bottom of the 1st over - 0 runs, 2 hits, 0 errors, 1 left on base; Houston 2 - Toronto 0
TOP OF THE 2ND
Houston Astros batting - Pitching for Toronto Blue Jays : LHP Brian Hawkins
Batting: LHB Roy Lazzaro 0-0: Ball
1-0: Ball
2-0: Ball
3-0: Base on Balls
Batting: LHB Zack Baize 0-0: Called Strike
0-1: Swinging Strike
0-2: Strikes out swinging
Batting: LHB Aaron Bruckerhoff 0-0: Swinging Strike
0-1: Swinging Strike
0-2: Foul Ball, location: 7LSF
0-2: Ball
1-2: Ball
2-2: Ball
3-2: Strikes out swinging
Batting: RHB Manchu Hu 0-0: Foul Ball, location: 2F
0-1: Foul Ball, location: 5FF
0-2: Ball
1-2: DOUBLE (Line Drive, 78XD, EV 110.6 MPH)
Roy Lazzaro to third
Runner from 3rd tries for Home, SAFE, throw by LF to home
Batting: RHB Erik Ellsworth 0-0: Called Strike
0-1: Ball
1-1: Ball
2-1: Ball
3-1: Base on Balls
Batting: RHB Jeff Cinnamon 0-0: Ball
1-0: Ball
2-0: Called Strike
2-1: Ball
3-1: Base on Balls
Manchu Hu to third
Erik Ellsworth to second
Batting: RHB Kyle Stewart 0-0: Ball
1-0: Swinging Strike
1-1: Ball
2-1: Called Strike
2-2: Ball
3-2: Ground out 6-3 (Groundball, 6, EV 84.4 MPH)
Top of the 2nd over - 1 run, 1 hit, 0 errors, 3 left on base; Houston 3 - Toronto 0
BOTTOM OF THE 2ND
Toronto Blue Jays batting - Pitching for Houston Astros : RHP Mark Gaither
Batting: LHB Ramon Anguiano 0-0: Called Strike
0-1: Ball
1-1: Ball
2-1: Swinging Strike
2-2: Foul Ball, location: 2F
2-2: Foul Ball, location: 7LSF
2-2: Foul Ball, location: 25F
2-2: Fly out, F5 (Line Drive, 5L, EV 75.0 MPH)
Batting: RHB Danny Daugherty 0-0: Called Strike
0-1: Ball
1-1: Ball
2-1: Ball
3-1: Fly out, F9 (Flyball, 9LS, EV 93.8 MPH)
Batting: RHB Josh Sherman 0-0: Called Strike
0-1: Ball
1-1: Ball
2-1: Swinging Strike
2-2: Fly out, F8 (Flyball, 8RD, EV 96.3 MPH)
Bottom of the 2nd over - 0 runs, 0 hits, 0 errors, 0 left on base; Houston 3 - Toronto 0
TOP OF THE 3RD
Houston Astros batting - Pitching for Toronto Blue Jays : LHP Brian Hawkins
Batting: LHB Alex Perez 0-0: Swinging Strike
0-1: Foul Ball, location: 7LMF
0-2: Ball
1-2: Ball
2-2: Ball
3-2: Base on Balls
Batting: RHB Frank Kelsay 0-0: Foul Ball, location: 2RF
0-1: Fly out, F8 (Flyball, 8RXD, EV 90.0 MPH)
Batting: LHB Roy Lazzaro 0-0: Swinging Strike
0-1: Fly out, F3 (Popup, 34, EV 56.9 MPH)
Batting: LHB Zack Baize 0-0: Ground out 4-3 (Groundball, 4, EV 90.0 MPH)
Top of the 3rd over - 0 runs, 0 hits, 0 errors, 1 left on base; Houston 3 - Toronto 0
BOTTOM OF THE 3RD
Toronto Blue Jays batting - Pitching for Houston Astros : RHP Mark Gaither
Batting: SHB Mark Spalding 0-0: Foul Ball, location: 23F
0-1: Called Strike
0-2: Ball
1-2: Foul Ball, location: 2F
1-2: Strikes out swinging
Batting: SHB Alex Carrillo 0-0: Ball
1-0: Fly out, F6 (Popup, 6, EV 60.0 MPH)
Batting: LHB Collin Coleman 0-0: Foul Ball, location: 5SF
0-1: Swinging Strike
0-2: Ground out 5-3 (Groundball, 56, EV 85.0 MPH)
Bottom of the 3rd over - 0 runs, 0 hits, 0 errors, 0 left on base; Houston 3 - Toronto 0
TOP OF THE 4TH
Houston Astros batting - Pitching for Toronto Blue Jays : LHP Brian Hawkins
Batting: LHB Aaron Bruckerhoff 0-0: Foul Ball, location: 23FF
0-1: Called Strike
0-2: Ball
1-2: Ball
2-2: Strikes out swinging
Batting: RHB Manchu Hu 0-0: Ball
1-0: Ball
2-0: Fly out, F6 (Line Drive, 6, EV 65.0 MPH)
Batting: RHB Erik Ellsworth 0-0: Ball
1-0: Fly out, F8 (Flyball, 8RD, EV 100.6 MPH)
Top of the 4th over - 0 runs, 0 hits, 0 errors, 0 left on base; Houston 3 - Toronto 0
BOTTOM OF THE 4TH
Toronto Blue Jays batting - Pitching for Houston Astros : RHP Mark Gaither
Batting: RHB Greg Whitaker 0-0: Ground out 5-3 (Groundball, 56, EV 84.4 MPH)
Batting: LHB John Slaff 0-0: Swinging Strike
0-1: Called Strike
0-2: Ball
1-2: Ball
2-2: Strikes out swinging
Batting: SHB Dennis Desper 0-0: Ball
1-0: Called Strike
1-1: Ball
2-1: Foul Ball, location: 2F
2-2: Ball
3-2: Fly out, F4 (Popup, 34S, EV 78.1 MPH)
Bottom of the 4th over - 0 runs, 0 hits, 0 errors, 0 left on base; Houston 3 - Toronto 0
TOP OF THE 5TH
Houston Astros batting - Pitching for Toronto Blue Jays : LHP Brian Hawkins
Batting: RHB Jeff Cinnamon 0-0: Ball
1-0: Called Strike
1-1: Ball
2-1: Swinging Strike
2-2: Ball
3-2: Base on Balls
Pitching: RHP Adam Lyons
Batting: RHB Kyle Stewart 0-0: Fly out, F8 (Flyball, 8RD, EV 92.5 MPH)
Batting: LHB Alex Perez 0-0: Ball
1-0: Foul Ball, location: 5F
1-1: SINGLE (Groundball, 4D, EV 100.6 MPH)
Jeff Cinnamon to second
Batting: RHB Frank Kelsay 0-0: Ball
1-0: Fly out, F8 (Flyball, 8RXD, EV 105.0 MPH)
Runner from 2nd tags up, SAFE at 3rd, no throw by CF
Pitching: LHP Domingo Tamayo
Batting: LHB Roy Lazzaro 0-0: Called Strike
0-1: Ball
1-1: Ball
2-1: Ball
3-1: Fly out, F6 (Popup, 6M, EV 58.1 MPH)
Top of the 5th over - 0 runs, 1 hit, 0 errors, 2 left on base; Houston 3 - Toronto 0
BOTTOM OF THE 5TH
Toronto Blue Jays batting - Pitching for Houston Astros : RHP Mark Gaither
Batting: LHB Ramon Anguiano 0-0: Ball
1-0: Foul Ball, location: 7LSF
1-1: Swinging Strike
1-2: Foul Ball, location: 5F
1-2: Foul Ball, location: 5F
1-2: Foul Ball, location: 9LDF
1-2: Foul Ball, location: 7LMF
1-2: DOUBLE (Line Drive, 9LM, EV 109.4 MPH)
Batting: RHB Danny Daugherty 0-0: DOUBLE (Line Drive, 5D, EV 95.0 MPH)
Ramon Anguiano scores
Batting: RHB Josh Sherman 0-0: Swinging Strike
0-1: Ball
1-1: Called Strike
1-2: Ball
2-2: Strikes out looking
Batting: SHB Mark Spalding 0-0: Foul Ball, location: 2F
0-1: Foul Ball, location: 7LDF
0-2: Ball
1-2: Ball
2-2: Ground out 4-3 (Groundball, 4, EV 88.8 MPH)
Danny Daugherty to third
Batting: SHB Alex Carrillo 0-0: Ball
1-0: Called Strike
1-1: Fly out, F8 (Flyball, 8LM, EV 88.1 MPH)
Bottom of the 5th over - 1 run, 2 hits, 0 errors, 1 left on base; Houston 3 - Toronto 1
TOP OF THE 6TH
Houston Astros batting - Pitching for Toronto Blue Jays : LHP Domingo Tamayo
Batting: LHB Zack Baize 0-0: Ball
1-0: Ball
2-0: DOUBLE (Line Drive, 7LD, EV 104.4 MPH)
Batting: LHB Aaron Bruckerhoff 0-0: Foul Ball, location: 3SF
0-1: Swinging Strike
0-2: Strikes out looking
Pitching: RHP Bryan Bassett
Batting: RHB Manchu Hu 0-0: Called Strike
0-1: Ball
1-1: Called Strike
1-2: Foul Ball, location: 23F
1-2: Foul Ball, location: 3DF
1-2: Ground out 5-3 (Groundball, 56, EV 88.1 MPH)
Batting: RHB Erik Ellsworth 0-0: SINGLE (Groundball, 6MD, EV 101.9 MPH)
Zack Baize to third
Runner from 3rd tries for Home, SAFE, throw by CF to home
Batting: RHB Jeff Cinnamon 0-0: Foul Ball, location: 2F
0-1: Ball
1-1: Fly out, F7 (Line Drive, 7S, EV 98.8 MPH)
Top of the 6th over - 1 run, 2 hits, 0 errors, 1 left on base; Houston 4 - Toronto 1
BOTTOM OF THE 6TH
Toronto Blue Jays batting - Pitching for Houston Astros : RHP Mark Gaither
Batting: LHB Collin Coleman 0-0: Ball
1-0: Ball
2-0: Foul Ball, location: 25F
2-1: Ball
3-1: Base on Balls
Batting: RHB Greg Whitaker 0-0: Foul Ball, location: 5FF
0-1: Foul Ball, location: 2F
0-2: Ball
1-2: Strikes out looking
Pitching: RHP Josh Jones
Batting: LHB John Slaff 0-0: Ball
1-0: Called Strike
1-1: 2-RUN HOME RUN (Flyball, 9D, EV 96.3 MPH), Distance : 383 ft
Batting: SHB Dennis Desper 0-0: Ball
1-0: Ball
2-0: Called Strike
2-1: Swinging Strike
2-2: Ground out 2-3 (Groundball, 2R, EV 67.5 MPH)
Batting: LHB Ramon Anguiano 0-0: Called Strike
0-1: Foul Ball, location: 2F
0-2: Foul Ball, location: 2F
0-2: Ball
1-2: Ball
2-2: Foul Ball, location: 23FF
2-2: Fly out, F8 (Flyball, 78S, EV 93.8 MPH)
Bottom of the 6th over - 2 runs, 1 hit, 0 errors, 0 left on base; Houston 4 - Toronto 3
TOP OF THE 7TH
Houston Astros batting - Pitching for Toronto Blue Jays : RHP Bryan Bassett
Batting: RHB Kyle Stewart 0-0: SOLO HOME RUN (Flyball, 9D, EV 101.9 MPH), Distance : 369 ft
Pitching: LHP Curtis Moore
Batting: LHB Alex Perez 0-0: Ground out U3 (Groundball, 3S, EV 86.9 MPH)
Batting: RHB Frank Kelsay 0-0: Ball
1-0: Swinging Strike
1-1: Foul Ball, location: 2F
1-2: Strikes out swinging
Batting: LHB Roy Lazzaro 0-0: Called Strike
0-1: Swinging Strike
0-2: Foul Ball, location: 2F
0-2: Strikes out swinging
Top of the 7th over - 1 run, 1 hit, 0 errors, 0 left on base; Houston 5 - Toronto 3
BOTTOM OF THE 7TH
Toronto Blue Jays batting - Pitching for Houston Astros : RHP Josh Jones
Batting: RHB Danny Daugherty 0-0: SINGLE (Line Drive, 6MD, EV 109.4 MPH)
Batting: RHB Josh Sherman 0-0: Called Strike
0-1: Fielders Choice at 2nd, 3-6 (Groundball, 3S, EV 89.4 MPH)
Batting: SHB Mark Spalding 0-0: Fly out, F8 (Flyball, 8RXD, EV 83.1 MPH)
Batting: SHB Alex Carrillo 0-0: Foul Ball, location: 5F
0-1: Foul Ball, location: 23FF
0-2: Ball
1-2: Strikes out looking
Bottom of the 7th over - 0 runs, 1 hit, 0 errors, 1 left on base; Houston 5 - Toronto 3
TOP OF THE 8TH
Houston Astros batting - Pitching for Toronto Blue Jays : LHP Curtis Moore
Pitching: RHP Ryan Czarnecki
Batting: LHB Zack Baize 0-0: Ground out 4-3 (Groundball, 4MD, EV 81.9 MPH)
Batting: LHB Aaron Bruckerhoff 0-0: Called Strike
0-1: SINGLE (Groundball, 56D, EV 93.8 MPH)
Batting: RHB Manchu Hu 0-0: Called Strike
0-1: Called Strike
0-2: Strikes out swinging
Batting: RHB Erik Ellsworth 0-0: Called Strike
0-1: Ball
1-1: Ball
2-1: Called Strike
2-2: Strikes out swinging
Top of the 8th over - 0 runs, 1 hit, 0 errors, 1 left on base; Houston 5 - Toronto 3
BOTTOM OF THE 8TH
Toronto Blue Jays batting - Pitching for Houston Astros : RHP Josh Jones
Batting: LHB Collin Coleman 0-0: Called Strike
0-1: Swinging Strike
0-2: Foul Ball, location: 7LMF
0-2: Ball
1-2: Ball
2-2: DOUBLE (Line Drive, 89XD, EV 108.8 MPH)
Batting: RHB Greg Whitaker 0-0: Ball
1-0: Swinging Strike
1-1: Ball
2-1: Foul Ball, location: 9LDF
2-2: Foul Ball, location: 2F
2-2: Strikes out swinging
Batting: LHB John Slaff 0-0: Called Strike
0-1: 2-RUN HOME RUN (Flyball, 9D, EV 98.1 MPH), Distance : 379 ft
Pitching: RHP Dylan Scott
Batting: SHB Dennis Desper 0-0: Called Strike
0-1: Fly out, F7 (Line Drive, 78D, EV 97.5 MPH)
Batting: LHB Ramon Anguiano 0-0: Ball
1-0: DOUBLE (Flyball, 89D, EV 99.4 MPH)
Batting: RHB Danny Daugherty 0-0: Ball
1-0: Ball
2-0: Ball
3-0: Called Strike
3-1: Foul Ball, location: 2F
3-2: Foul Ball, location: 2F
3-2: Foul Ball, location: 25F
3-2: Foul Ball, location: 3SF
3-2: Base on Balls
Pinch Hitting: LHB Ryan Ricks 0-0: Foul Ball, location: 9LSF
0-1: Ball
1-1: Called Strike
1-2: Ball
2-2: Ground out U3 (Groundball, 3L, EV 78.1 MPH)
Bottom of the 8th over - 2 runs, 3 hits, 0 errors, 2 left on base; Houston 5 - Toronto 5
TOP OF THE 9TH
Houston Astros batting - Pitching for Toronto Blue Jays : RHP Ryan Czarnecki
Now at 3B: John Johansen
Batting: RHB Jeff Cinnamon 0-0: Ball
1-0: Called Strike
1-1: Ball
2-1: Called Strike
2-2: Ball
3-2: Strikes out swinging
Batting: RHB Kyle Stewart 0-0: Ball
1-0: Called Strike
1-1: Ball
2-1: Swinging Strike
2-2: Strikes out swinging
Batting: LHB Alex Perez 0-0: Fly out, F9 (Flyball, 9D, EV 81.9 MPH)
Top of the 9th over - 0 runs, 0 hits, 0 errors, 0 left on base; Houston 5 - Toronto 5
BOTTOM OF THE 9TH
Toronto Blue Jays batting - Pitching for Houston Astros : RHP Dylan Scott
Batting: SHB Mark Spalding 0-0: Ball
1-0: Foul Ball, location: 2F
1-1: Ball
2-1: SINGLE (Groundball, 3D, EV 99.4 MPH)
Pinch Hitting: RHB Ricky Ulloa 0-0: Called Strike
0-1: Ball
1-1: Ball
2-1: Called Strike
2-2: Ball
3-2: Base on Balls
Mark Spalding to second
Batting: LHB Collin Coleman 0-0: SINGLE (Line Drive, 6MD, EV 95.6 MPH)
Mark Spalding to third
Ricky Ulloa to second
Runner from 3rd tries for Home, throw by CF and OUT! 8-2
Ricky Ulloa to third
Collin Coleman to second
Batting: RHB Greg Whitaker 0-0: Ball
1-0: Called Strike
1-1: Foul Ball, location: 9LMF
1-2: Foul Ball, location: 7LMF
1-2: Ball
2-2: Foul Ball, location: 9LMF
2-2: Ball
3-2: Strikes out swinging
Pitching: RHP Emanuel Calleya
Batting: LHB John Slaff 0-0: Ball
1-0: Foul Ball, location: 3FF
1-1: Called Strike
1-2: Strikes out looking
Bottom of the 9th over - 0 runs, 2 hits, 0 errors, 2 left on base; Houston 5 - Toronto 5
TOP OF THE 10TH
Houston Astros batting - Pitching for Toronto Blue Jays : RHP Ryan Czarnecki
Now at C: Jake Kidd
Pinch Hitting: LHB Josh Otis 0-0: Called Strike
0-1: Foul Ball, location: 3F
0-2: Ball
1-2: Strikes out looking
Batting: LHB Roy Lazzaro 0-0: Foul Ball, location: 7LMF
0-1: Foul Ball, location: 2F
0-2: Foul Ball, location: 3F
0-2: Foul Ball, location: 2F
0-2: Strikes out looking
Batting: LHB Zack Baize 0-0: Ball
1-0: Ball
2-0: Foul Ball, location: 9LMF
2-1: Ball
3-1: Ground out U3 (Groundball, 3, EV 105.6 MPH)
Top of the 10th over - 0 runs, 0 hits, 0 errors, 0 left on base; Houston 5 - Toronto 5
BOTTOM OF THE 10TH
Toronto Blue Jays batting - Pitching for Houston Astros : RHP Emanuel Calleya
Pitching: RHP Guillermo Padron
Now at 3B: Josh Otis
Batting: SHB Dennis Desper 0-0: Ball
1-0: Called Strike
1-1: Ball
2-1: Foul Ball, location: 3F
2-2: Strikes out swinging
Batting: LHB Ramon Anguiano 0-0: Called Strike
0-1: Ball
1-1: Ball
2-1: Ball
3-1: Base on Balls
Batting: RHB Danny Daugherty 0-0: Foul Ball, location: 5DF
0-1: Ball
1-1: Foul Ball, location: 2F
1-2: Strikes out looking
Pinch Hitting: SHB Matt Gordon 0-0: Ball
1-0: 2-RUN HOME RUN (Flyball, 89XD, EV 110.6 MPH), Distance : 406 ft
Bottom of the 10th over - 2 runs, 1 hit, 0 errors, 0 left on base; Houston 5 - Toronto 7
Sunday, April 14th , 2024 - OOTP Baseball 24.11 Build 85